 Dungeon Crawl Stone Soup version 0.26.0-20-g3ca415f5b8 (webtiles) character file.

Game seed: 3866481711926148308

48 teolandon225 the Sneak (level 3, -2/16 HPs)
             Began as a Spriggan Enchanter on Jan 24, 2021.
             Slain by a bullfrog (3 damage)
             ... on level 2 of the Dungeon.
             The game lasted 00:06:55 (2278 turns).

teolandon225 the Sneak (Spriggan Enchanter)         Turns: 2278, Time: 00:06:56

Health: -2/16      AC:  2    Str:  4    XL:     3   Next: 50%
Magic:  2/8        EV: 19    Int: 17    God:
Gold:   114        SH:  0    Dex: 16    Spells: 1/7 levels left

rFire    . . .     SeeInvis +   l - +0 dagger (venom)
rCold    . . .     Faith    .   (shield restricted)
rNeg     . . .     Spirit   .   b - +0 robe
rPois    .         Reflect  .   (helmet restricted)
rElec    .         Harm     .   (no cloak)
rCorr    .         Rampage  .   (gloves unavailable)
Will     .....                  (boots unavailable)
Stlth    +++.......             (no amulet)
HPRegen  0.05/turn              (no ring)
MPRegen  0.11/turn              (no ring)

@: very quick
A: very small, unfitting armour, see invisible, speed 3
a: no special abilities


You were on level 2 of the Dungeon.
You visited 1 branch of the dungeon, and saw 4 of its levels.

You collected 114 gold pieces.

Inventory:

Hand Weapons
 a - a +1 dagger
 l - a +0 dagger of venom (weapon)
Armour
 b - a +0 robe (worn)
Jewellery
 i - an uncursed amulet of regeneration {unknown}
 k - an uncursed ring of protection from fire {unknown}
Scrolls
 c - 4 scrolls of remove curse
 e - a scroll of blinking {unknown}
 f - 3 scrolls of identify
 h - a scroll of random uselessness {unknown}
Potions
 d - a potion of lignification
 g - a potion of berserk rage {unknown}
 j - a potion of heal wounds {unknown}


   Skills:
 - Level 1.1 Short Blades
 + Level 3.6 Dodging
 * Level 5.6 Stealth
 - Level 2.6 Spellcasting
 * Level 4.5 Hexes


You had one spell level left.
You knew the following spells:

 Your Spells              Type           Power        Failure   Level
q - Ensorcelled Hibernat  Hex/Ice        18%          11%         2
r - Corona                Hex            18%          2%          1
w - Confusing Touch       Hex            17%          9%          3

Your spell library contained the following spells:

 Spells                   Type           Power        Failure   Level
 Magic Dart               Conj           8%           19%         1
 Slow                     Hex            17%          4%          2
 Tukima's Dance           Hex            17%          9%          3
 Dazzling Flash           Conj/Hex       18%          22%         3
 Blink                    Tloc           N/A          26%         2
 Call Imp                 Summ           2%           26%         2
 Conjure Flame            Conj/Fire      2%           47%         3
 Mephitic Cloud           Conj/Pois/Air  2%           47%         3


Dungeon Overview and Level Annotations

Branches:
Dungeon (4/15)
 Temple: D:4-7

Altars:
Gozag
Yredelemnul


Innate Abilities, Weirdness & Mutations

You are very small and have problems with some larger weapons.
You are too small for most types of armour.
You have supernaturally acute eyesight. (SInv)
You cover ground extremely quickly.


Message History

Aiming: Ensorcelled Hibernation (safe; 11% risk of failure)
Press: ? - help, Shift-Dir - straight line, f/p - bullfrog
Aim: a bullfrog (chance to affect: 40%)
The bullfrog resists with some effort.
The bullfrog hits you but does no damage.
Casting: Ensorcelled Hibernation (safe; 11% risk of failure)
Confirm with . or Enter, or press ? or * to list all spells.
You don't have enough magic to cast that spell.
You see here a war axe.
There is a stone staircase leading up here.
The bullfrog misses you. The bullfrog closely misses you.
You climb upwards.
Found a scroll labelled TAQ CITABOVO.
There is a stone staircase leading down here.
You see here a scroll labelled TAQ CITABOVO.
h - a scroll labelled TAQ CITABOVO The bullfrog hits you!
* * * LOW HITPOINT WARNING * * *
The bullfrog hits you.
You die...

##### #...#
#.#.####
#.#....## ###
#.#..... ..#
########.#..#.#
..#####
.......@F.>...#
###..!##
.#######....#...#
##.!...# ######
..# (#g....# #
.'g....# .#.....#
##...(.# ###.$.##
## #.###### .#


You could see a bullfrog.

Vanquished Creatures
  2 oozes
  A dart slug (D:3)
  2 orcs
  2 giant cockroaches
  8 goblins
  7 hobgoblins
  2 ball pythons
  A bat (D:1)
  A frilled lizard (D:2)
  4 kobolds
  2 rats
32 creatures vanquished.

Notes
Turn   | Place    | Note
-------+----------+-------------------------------------------
     0 | D:1      | teolandon225 the Spriggan Enchanter began the quest for the
                  | Orb.
     0 | D:1      | Reached XP level 1. HP: 9/9 MP: 5/5
   264 | D:1      | Reached XP level 2. HP: 13/13 MP: 6/6
   267 | D:1      | Learned a level 2 spell: Ensorcelled Hibernation
   737 | D:1      | Reached skill level 5 in Stealth
  1758 | D:2      | Reached XP level 3. HP: 13/16 MP: 2/8
  1902 | D:2      | Learned a level 3 spell: Confusing Touch
  1952 | D:2      | You fall into a shaft and drop 1 floor!
  2002 | D:3      | Found an opulent altar of Gozag.
  2101 | D:3      | Found a basalt altar of Yredelemnul.
  2253 | D:3      | Noticed a bullfrog
  2278 | D:2      | Slain by a bullfrog

Illustrated notes

Levels and vault maps discovered:
D:1:      lemuel_arrival_behind_the_door_large, layout_basic,
          minmay_misc_feat_nine_boxes, minmay_cut_off
D:2:      layout_basic, minmay_goblin_kobold_house
D:3:      layout_loops_corners, regret_index_temple_of_mockery,
          nicolae_overflow_crystal_walls, old_standard_altar
D:4:      layout_cave_pools, minmay_temple_entry_purple_smoke,
          gup_sewer_entry_pipe, corexii_hall_statues_s

Skill      XL: |  1  2 |
---------------+-------+-----
Hexes          | 4 |  4.5
Stealth        | 5 |  5.6
Short Blades   | |  1.1
Dodging        | |  3.6
Spellcasting   | |  2.6

Action                   || total
-------------------------++-------
Melee: Dagger            ||    72
 Cast: Corona            ||     3
       Ensorcelled Hiber ||    27
  Use: Scroll            ||     4
 Stab: Sleeping          ||    26
Armor: Robe              ||     6
Dodge: Dodged            ||    54
